 Dungeon Crawl Stone Soup version 0.25-b1-23-ge2ad7d536c (webtiles) character file.

Game seed: 1858689551453316191, levelgen mode: deterministic

72 HoaS the Ruffian (level 4, -7/28 HPs)
             Began as a Gargoyle Gladiator on June 1, 2020.
             Mangled by Crazy Yiuf
             ... wielding a +4 quarterstaff of chaos
              (13 damage)
             ... on level 2 of the Dungeon.
             The game lasted 00:05:05 (2236 turns).

HoaS the Ruffian (Gargoyle Gladiator)               Turns: 2236, Time: 00:05:06

Health: -7/28      AC: 12    Str: 19    XL:     4   Next: 26%
Magic:  4/4        EV:  8    Int:  8    God:
Gold:   31         SH:  0    Dex: 11    Spells: 3/3 levels left

rFire    . . .     SeeInvis .     - Unarmed
rCold    . . .     Gourm    .   (no shield)
rNeg     + . .     Faith    .   i - +0 chain mail
rPois    ∞         Spirit   .   b - +0 helmet
rElec    +         Reflect  .   (no cloak)
rCorr    .         Harm     .   (no gloves)
MR       .....                  (no boots)
Stlth    ..........             (no amulet)
HPRegen  0.09/turn              (no ring)
MPRegen  0.09/turn              (no ring)

@: no status effects
A: negative energy resistance 1, electricity resistance, unbreathing,
petrification resistance, rot immunity, AC +3
a: no special abilities


You were on level 2 of the Dungeon.
You were not hungry.

You visited 1 branch of the dungeon, and saw 2 of its levels.

You collected 31 gold pieces.

Inventory:

Missiles
 c - 3 throwing nets
 k - a stone (quivered)
 q - 4 boomerangs
 r - 3 silver javelins
Armour
 b - a +0 helmet (worn)
 i - a +0 chain mail (worn)
Jewellery
 e - an uncursed ring of resist corrosion {unknown}
Scrolls
 f - a scroll of fear {unknown}
 l - a scroll of teleportation {unknown}
 o - a scroll of identify {unknown}
Potions
 a - 2 potions of lignification {unknown}
 g - 3 potions of flight {unknown}
 h - 2 potions of stabbing {unknown}
 j - a potion of heal wounds {unknown}
 m - a potion of haste {unknown}
 n - 2 potions of curing {unknown}
Comestibles
 d - 5 rations
 p - 2 chunks of flesh


   Skills:
 + Level 3.2 Fighting
 - Level 1.7 Throwing
 - Level 2.4 Dodging
 * Level 4.4 Unarmed Combat


You had 3 spell levels left.
You didn't know any spells.
Your spell library was empty.

Dungeon Overview and Level Annotations

Branches:
Dungeon (2/15)

Altars:
Okawaru

Annotations:
D:2 Crazy Yiuf


Innate Abilities, Weirdness & Mutations

You are resistant to torment.
Your stone body is resilient. (AC +3)
You are immune to poison.
You resist negative energy. (rN+)
You are resistant to electric shocks. (rElec)
You can survive without breathing.
You are immune to petrification.
You are immune to rotting.


Message History

Crazy Yiuf seems to grow stronger.
Crazy Yiuf misses you.
There is an open translucent door here.
You hit Crazy Yiuf but do no damage. Crazy Yiuf hits you but does no damage.
You hit Crazy Yiuf but do no damage.
Crazy Yiuf hits you with a +4 quarterstaff of chaos!
You closely miss Crazy Yiuf.
Crazy Yiuf hits you with a +4 quarterstaff of chaos!
Crazy Yiuf freezes you.
* * * LOW HITPOINT WARNING * * *
You hit Crazy Yiuf.
Crazy Yiuf is moderately wounded.
Crazy Yiuf hits you but does no damage.
Your chain mail prevents you from hitting Crazy Yiuf.
Crazy Yiuf is moderately wounded.
Your chain mail prevents you from hitting Crazy Yiuf.
Crazy Yiuf is moderately wounded.
Crazy Yiuf grits, "Proton forty-two broken!"
Crazy Yiuf hits you with a +4 quarterstaff of chaos!
You die...

♣♣♣♣♣### ####
♣♣♣)♣)...##
#)))#♣))♣).....##
#.)g@)♣♣♣♣......#
#)))#♣♣ ♣♣.....#
#### ♣♣##..#####
#....... #######.
### #. #.# #. #>#
#. #.# #.


You could see Crazy Yiuf (strong).

Vanquished Creatures
  An adder (D:2)
  An ooze (D:1)
  A worm (D:2)
  2 dart slugs (D:2)
  A leopard gecko (D:2)
  A ball python (D:1)
  10 bats
  2 giant cockroaches
  7 goblins
  5 hobgoblins (D:1)
  5 kobolds
  A quokka (D:2)
  7 frilled lizards
  8 rats
52 creatures vanquished.

Notes
Turn   | Place    | Note
-------+----------+-------------------------------------------
     0 | D:1      | HoaS the Gargoyle Gladiator began the quest for the Orb.
     0 | D:1      | Reached XP level 1. HP: 12/12 MP: 1/1
    26 | D:1      | Reached XP level 2. HP: 17/18 MP: 2/2
   532 | D:1      | Reached XP level 3. HP: 20/22 MP: 3/3
   564 | D:1      | Found an iron altar of Okawaru.
  1343 | D:2      | Reached skill level 4 in Unarmed Combat
  1612 | D:2      | Reached XP level 4. HP: 21/28 MP: 4/4
  1721 | D:2      | Found an iron altar of Okawaru.
  2225 | D:2      | Found a runed translucent door.
  2226 | D:2      | Noticed Crazy Yiuf
  2236 | D:2      | Mangled by Crazy Yiuf

Illustrated notes

Levels and vault maps discovered:
D:1:      ncdulo_halloftheorcs, layout_basic, minmay_tree_intersection,
          minmay_hexomino_r4
D:2:      layout_loops_ring, chequers_serial_rivers_marsh,
          kennysheep_okawaru_gauntlet, uniq_crazy_yiuf_cottage

Skill      XL: |  1  2  3 |
---------------+----------+-----
Unarmed Combat | 4 |  4.4
Fighting       | 3 |  3.2
Throwing       | |  1.7
Dodging        | |  2.4

Action                   |  1- 3 |  4- 6 || total
-------------------------+-------+-------++-------
Melee: Unarmed           |   180 |    41 ||   221
Throw: Dart              |       |     7 ||     7
       Stone             |       |     3 ||     3
  Use: Scroll            |     2 |       ||     2
 Stab: Sleeping          |     1 |       ||     1
  Eat: Chunk             |     2 |     2 ||     4
Armor: Leather armour    |    67 |       ||    67
       Chain mail        |    40 |    34 ||    74
Dodge: Dodged            |   108 |    17 ||   125
